 Dungeon Crawl Stone Soup version 0.16.1-14-g82efdee (webtiles) character file.

35 jacksonaction the Firebug (level 3, 28/28 HPs)
             Began as a Naga Fire Elementalist on Apr 14, 2015.
             Quit the game on level 1 of the Dungeon.
             The game lasted 00:06:25 (1338 turns).

jacksonaction the Firebug (Naga Fire Elementalist)  Turns: 1338, Time: 00:06:26

Health: 28/28      AC:  2    Str: 10    XL:     3   Next: 33%
Magic:  6/6        EV: 10    Int: 16    God:
Gold:   54         SH:  0    Dex: 11    Spells: 2 memorised, 3 levels left

rFire  . . .     SeeInvis +     (no weapon)
rCold  . . .     Clarity  .     a - +0 robe
rNeg   . . .     SustAb   .     (no shield)
rPois  +         Gourm    .     (no helmet)
rElec  .         Spirit   .     (no cloak)
rCorr  .         Warding  .     (no gloves)
rMut   .         Stasis   .     (no barding)
MR     .....                    d - amulet of regeneration
Stlth  ++........               (no ring)
                                (no ring)

@: very slightly contaminated, very slow, not resistant to hostile enchantments,
unstealthy
A: spit poison, see invisible, deformed body, poison resistance, slowness 2, AC
+1
a: Spit Poison


You were on level 1 of the Dungeon.
You were not hungry.

You visited 1 branch of the dungeon, and saw 1 of its levels.

You collected 54 gold pieces.

Inventory:

Armour
 a - a +0 robe (worn)
Jewellery
 d - an amulet of regeneration (around neck)
 e - a cursed -2 ring of protection {unknown}
Scrolls
 g - a scroll of recharging {unknown}
 i - a scroll of enchant weapon {unknown}
 k - a scroll of remove curse {unknown}
Potions
 f - a potion of heal wounds {unknown}
 h - a potion of agility {unknown}
 j - a potion of curing {unknown}
Books
 b - a book of Flames

   Spells                             Type                      Level
   a - Flame Tongue                   Conjuration/Fire             1
   b - Throw Flame                    Conjuration/Fire             2
   c - Conjure Flame                  Conjuration/Fire             3
   d - Inner Flame                    Hexes/Fire                   3
   e - Sticky Flame                   Conjuration/Fire             4
   f - Fireball                       Conjuration/Fire             5
Comestibles
 c - a bread ration
 l - a chunk of flesh


   Skills:
 - Level 1.5 Dodging
 - Level 3.0 Stealth
 - Level 2.0 Spellcasting
 - Level 1.0 Conjurations
 + Level 4.3 Fire Magic


You had 3 spell levels left.
You knew the following spells:

 Your Spells              Type           Power        Failure   Level  Hunger
a - Flame Tongue          Conj/Fire      ##...        10%         1    #......
b - Throw Flame           Conj/Fire      ##....       12%         2    ###....


Dungeon Overview and Level Annotations

Branches:
Dungeon (1/15)

Altars:


Innate Abilities, Weirdness & Mutations

You cannot wear boots.
You can spit poison.
Your serpentine skin is tough (AC +1).
You have supernaturally acute eyesight.
Armour fits poorly on your strangely shaped body.
Your system is resistant to poisons.
You cover ground very slowly.


Message History

You miscast Flame Tongue.
You are very lightly contaminated with residual magic.
You feel uncomfortably hot. The bat hits you.
Casting: Flame Tongue
Confirm with . or Enter, or press ? or * to list all spells.
Aiming: Flame Tongue
Press: ? - help, Shift-Dir - straight line, f/p - bat
Aim: a bat You miscast Flame Tongue.
Wisps of smoke drift from your hands. The bat closely misses you.
The bat barely misses you.
Casting: Flame Tongue
Confirm with . or Enter, or press ? or * to list all spells.
Aiming: Flame Tongue
Press: ? - help, Shift-Dir - straight line, f/p - bat
Aim: a bat The flame tongue hits the bat.
You kill the bat!
You start resting.
Magic restored.
Are you sure you want to abandon this character and quit the game? (Confirm with "yes".)

#.# ##...## #......... #.####
##.....## #.######## #.##.##
##.......## #.#.##
#.....####.........###....#####
#.......$'.........+...........
#.#...####.........###....#####
#.##.## ##.......## #.....#
#.#### ##.....## #..##.# #.#
##.@†## #..##.# #.# ##'##
#..##.# ... #.# #.....# . #.#
##....# ##.## ###.## ##...##
#.# #....†########.#
#####...###.......#
.............#######


There were no monsters in sight!

Vanquished Creatures
  A giant mite (D:1)
  2 giant geckos (D:1)
  A bat (D:1)
  5 hobgoblins (D:1)
  3 jackals (D:1)
  2 giant cockroaches (D:1)
  A giant newt (D:1)
  4 goblins (D:1)
  2 kobolds (D:1)
  2 rats (D:1)
23 creatures vanquished.

Notes
Turn   | Place    | Note
--------------------------------------------------------------
     0 | D:1      | jacksonaction, the Naga Fire Elementalist, began the quest for the Orb.
     0 | D:1      | Reached XP level 1. HP: 15/15 MP: 3/3
   154 | D:1      | Reached XP level 2. HP: 19/22 MP: 0/4
   211 | D:1      | Learned a level 2 spell: Throw Flame
   530 | D:1      | Reached skill level 4 in Fire Magic
   703 | D:1      | Reached XP level 3. HP: 17/28 MP: 0/6
  1338 | D:1      | Quit the game

Action                   || total
-------------------------++-------
Melee: Unarmed           ||    44
 Cast: Flame Tongue      ||    38
       Throw Flame       ||     5
  Eat: Chunk             ||     3
